 Dungeon Crawl Stone Soup version 0.26-a0-800-g517d6fe721 (webtiles) character file.

Game seed: 13691654150758126134

46487 robertstho the Brawler (level 14, -5/122 HPs)
             Began as a Ghoul Gladiator on Nov 11, 2020.
             Was an Initiate of Gozag.
             Killed by divine providence
             ... invoked by an orc priest
              (11 damage)
             ... on level 1 of the Orcish Mines.
             The game lasted 00:43:12 (23474 turns).

robertstho the Brawler (Ghoul Gladiator)           Turns: 23474, Time: 00:43:12

Health: -5/122     AC: 17    Str: 27    XL:     14   Next: 37%
Magic:  22/22      EV: 10    Int:  4    God:    Gozag
Gold:   560        SH: 14    Dex: 10    Spells: 13/13 levels left

rFire    + + .     SeeInvis .     - Unarmed
rCold    + + +     Faith    .   Y - +0 kite shield {rC+}
rNeg     + + +     Spirit   .   U - +3 scale mail of Disaster {Str+5}
rPois    ∞         Reflect  +   Q - +1 helmet
rElec    .         Harm     .   n - scarf {rC+ rF+}
rCorr    .         Rampage  .   x - +2 pair of gloves
MR       +....                  (no boots)
Stlth    +.........             X - amulet of reflection
HPRegen  0.00/turn              T - ring of magical power
MPRegen  0.18/turn              r - ring of protection from fire

@: about to teleport, hasted, very quick
A: rotting body, claws 1, cold resistance 1, negative energy resistance 3,
inhibited regeneration, torment resistance, unbreathing
a: Potion Petition, Call Merchant, Bribe Branch, Renounce Religion


You were on level 1 of the Orcish Mines.
You worshipped Gozag.
Gozag was pleased with you.
You visited 4 branches of the dungeon, and saw 20 of its levels.
You also visited: Ossuary, Ice Cave and Volcano.

You collected 4699 gold pieces.
You spent 1084 gold pieces at shops.
You paid 3055 gold pieces to Gozag.

Inventory:

Hand Weapons
 b - a +2 falchion of electrocution
 d - a +1 broad axe of flaming
 h - a +4 scimitar of flaming
Missiles
 c - 4 throwing nets (quivered)
 S - 6 curare-tipped darts
Armour
 n - a scarf of resistance (worn)
 x - a +2 pair of gloves (worn)
 Q - a +1 helmet (worn)
 U - the +3 scale mail of Disaster (worn) {Str+5}
   (You found it on level 3 of the Lair of Beasts)

   It affects your strength (+5).
 Y - a +0 kite shield of cold resistance (worn)
Jewellery
 r - a ring of protection from fire (right hand)
 v - an uncursed ring of see invisible
 z - an uncursed ring of protection from cold
 C - an uncursed ring of resist corrosion
 L - an uncursed ring of ice
 O - an uncursed ring of protection from magic
 T - a ring of magical power (left hand)
 W - an uncursed amulet of the acrobat
 X - an amulet of reflection (around neck)
Wands
 o - a wand of iceblast (12)
 M - a wand of disintegration (17)
Scrolls
 g - 4 scrolls of amnesia {unknown}
 i - 3 scrolls of enchant weapon
 k - 2 scrolls of magic mapping
 m - 4 scrolls of teleportation
 q - 8 scrolls of remove curse
 t - a scroll of fog {unknown}
 w - 3 scrolls of acquirement {unknown}
 y - a scroll of summoning {unknown}
 A - a scroll of holy word {unknown}
 E - 2 scrolls of immolation {unknown}
 F - a scroll of silence {unknown}
 I - a scroll of fear {unknown}
 K - 2 scrolls of brand weapon
 R - a scroll of enchant armour
Potions
 a - 8 potions of flight
 e - 9 potions of curing
 p - 3 potions of magic
 G - a potion of resistance
 H - 2 potions of ambrosia
 J - 2 potions of cancellation


   Skills:
 * Level 10.6 Fighting
 + Level 0.8 Long Blades
 + Level 2.0 Throwing
 + Level 9.0 Armour
 + Level 5.3 Dodging
 + Level 3.0 Stealth
 + Level 1.5 Shields
 * Level 19.8 Unarmed Combat
 + Level 1.5 Evocations


You had 13 spell levels left.
You didn't know any spells.
Your spell library contained the following spells:

 Spells                   Type           Power        Failure   Level
 Corona                   Hex            #......      100%        1
 Summon Small Mammal      Summ           #...         100%        1
 Call Imp                 Summ           #.......     100%        2
 Poisonous Vapours        Pois/Air       #.....       100%        2
 Slow                     Hex            #.......     100%        2
 Call Canine Familiar     Summ           #.......     100%        3
 Conjure Flame            Conj/Fire      #.......     100%        3
 Inner Flame              Hex/Fire       #.......     100%        3
 Mephitic Cloud           Conj/Pois/Air  #.......     100%        3
 Portal Projectile        Hex/Tloc       #.....       100%        3
 Summon Guardian Golem    Hex/Summ       #.......     100%        3
 Cause Fear               Hex            #.........   100%        4
 Leda's Liquefaction      Hex/Erth       #.........   100%        4
 Summon Ice Beast         Ice/Summ       #.......     100%        4
 Summon Lightning Spire   Summ/Air       #.......     100%        4
 Bolt of Magma            Conj/Fire/Erth #.........   100%        5
 Iskenderun's Battlesphe  Conj           #.......     100%        5
 Freezing Cloud           Conj/Ice/Air   #.........   100%        6
 Iron Shot                Conj/Erth      #.........   100%        6
 Orb of Destruction       Conj           #.........   100%        7
 Spellforged Servitor     Conj/Summ      #.........   100%        7


Dungeon Overview and Level Annotations

Branches:
Dungeon (11/15)            Temple (1/1) D:4            Lair (6/6) D:9
  Swamp (0/4) Lair:4       Shoals (0/4) Lair:4          Orc (2/2) D:11
    Elf (0/3) Orc:2       Ossuary (visited)           IceCv (visited)
Volcano (visited)
  Slime: Lair:5-6

Altars:
Ashenzari
Cheibriados
Dithmenos
Elyvilon
Fedhas
Gozag
Hepliaklqana
Kikubaaqudgha
Makhleb
Nemelex Xobeh
Okawaru
Qazlal
Ru
Sif Muna
Trog
Uskayaw
Vehumet
Wu Jian
Xom
Yredelemnul
Zin
The Shining One
Beogh

Shops:
D:9 *   Orc:1 !   Orc:2 !:}*[=*}}

Annotations:
D:4 2 runed translucent doors, Sonyasha's ghost, amateur HuCK
D:8 2 runed translucent doors, exclusion: orange crystal statue
D:9 1 runed translucent door, Giavanni's ghost, novice MiCK
D:11 3 runed translucent doors, Xolotl's ghost, journeyman MiSu
Lair:5 Rupert
Lair:6 Sonja


Innate Abilities, Weirdness & Mutations

Your body is rotting away.
You thrive by killing the living.
You are immune to poison.
You have sharp fingernails.
Your flesh is cold resistant. (rC+)
You are immune to negative energy. (rN+++)
You do not regenerate when monsters are visible.
You are immune to unholy pain and torment.
You can survive without breathing.


Message History

Beogh smites you!
* * * LOW HITPOINT WARNING * * *
You hear a shout!
Unknown command.
As you read the scroll of teleportation, it crumbles to dust.
You feel strangely unstable.
The orc wizard gestures wildly while chanting.
The orc wizard seems to speed up.
You block the troll's attack. The troll claws you but does no damage.
The troll misses you. The ogre hits you but does no damage.
The orc wizard mumbles some strange words.
The orc wizard blinks!
The orc priest mumbles some strange prayers to Beogh against you.
Beogh smites you!
* * * LOW HITPOINT WARNING * * *
You see here a stone.
The orc priest mumbles some strange prayers to Beogh against you.
Beogh smites you!
You die...
Your body crumbles into a pile of gold.

$
##o$...o#.##.##
#...#....##
##.$#o.....# $
#....O....##
##..Too....##
##OT.......#
##..T(....##
#..(T(((.##
#..(@(((.#
#...(((..#
#...(((..#
#.......##
##....###
######


You could see a two-headed ogre, 4 trolls, an orc warrior, an ogre, an orc
priest and an orc wizard (fast).

Vanquished Creatures
  2 orc warlords (Orc:2)
  Fannar (D:11)
  A boulder beetle (Lair:4)
  6 hydras
  A catoblepas (Lair:5)
  A two-headed ogre (Orc:2)
  Erica (D:9)
  An orc high priest (Orc:2)
  A bog body (Lair:4)
  2 orc sorcerers (Orc:2)
  A cyclops (D:11)
  7 orc knights (Orc:2)
  5 oklob plants
  3 ugly things
  4 elephants
  2 ice statues (IceCv)
  2 black mambas (Lair:5)
  Psyche (D:10)
  6 cane toads
  10 komodo dragons
  5 trolls
  A hornet (D:10)
  4 polar bears (Lair:4)
  2 slime creatures
  3 blink frogs (Lair:3)
  A snapping turtle (Lair:4)
  3 wraiths
  10 yaks
  3 wyverns
  Sigmund (D:6)
  6 basilisks
  A steam dragon (Lair:6)
  Menkaure (D:5)
  3 swamp worms (Lair:4)
  5 wargs (Orc:2)
  Duvessa (D:6)
  19 water moccasins
  A sky beast (D:6)
  11 ice beasts
  30 orc warriors
  3 black bears
  A necrophage (D:6)
  17 wolves
  8 ogres
  7 centaurs
  2 big kobolds
  15 bullfrogs
  Dowan (D:6)
  14 scorpions
  9 wights
  3 killer bees (D:10)
  A howler monkey (D:3)
  2 electric eels
  4 centaur zombies (Ossuary)
  3 jellies
  2 human zombies (Ossuary)
  15 orc priests
  5 hounds
  Jessica (D:2)
  A centaur skeleton (D:6)
  4 iguanas
  15 orc wizards
  6 worker ants
  3 big kobold zombies (Ossuary)
  A hound zombie (D:10)
  A hound skeleton (D:6)
  3 mummies (Ossuary)
  Robin (D:2)
  17 gnolls
  A howler monkey skeleton (D:6)
  2 scorpion zombies (Ossuary)
  10 adders
  2 shadow imps
  6 white imps
  An ufetubus (D:9)
  2 oozes
  An adder zombie (D:5)
  2 adder skeletons
  2 worms
  5 dart slugs
  9 leopard geckos
  80 orcs
  5 giant cockroaches
  10 goblins
  4 hobgoblins
  10 jackals
  19 kobolds
  5 quokkas
  A ball python (D:4)
  5 bats
  7 frilled lizards
  2 goblin zombies (Ossuary)
  4 hobgoblin zombies (Ossuary)
  2 kobold zombies (Ossuary)
  2 orc zombies (Ossuary)
  A quokka zombie (D:5)
  4 rats
538 creatures vanquished.

Vanquished Creatures (others)
  31 fungi
  75 plants
106 creatures vanquished.

Grand Total: 644 creatures vanquished

Notes
Turn   | Place    | Note
-------+----------+-------------------------------------------
     0 | D:1      | robertstho the Ghoul Gladiator began the quest for the Orb.
     0 | D:1      | Reached XP level 1. HP: 17/17 MP: 0/0
   159 | D:1      | Reached XP level 2. HP: 24/24 MP: 1/1
   916 | D:2      | Noticed Jessica
   928 | D:2      | Killed Jessica
   928 | D:2      | Reached skill level 4 in Unarmed Combat
   928 | D:2      | Reached XP level 3. HP: 30/30 MP: 2/2
  1042 | D:2      | Noticed Robin
  1044 | D:2      | Reached XP level 4. HP: 37/37 MP: 3/3
  1055 | D:2      | Killed Robin
  1648 | D:3      | Reached skill level 1 in Armour
  1648 | D:3      | Reached skill level 5 in Unarmed Combat
  1648 | D:3      | Reached XP level 5. HP: 29/45 MP: 4/4
  1883 | D:3      | Reached XP level 6. HP: 15/51 MP: 5/5
  2589 | D:4      | Reached skill level 6 in Unarmed Combat
  2983 | D:4      | Found a staircase to the Ecumenical Temple.
  3006 | Temple   | Entered the Ecumenical Temple
  3379 | D:4      | Reached XP level 7. HP: 58/58 MP: 6/6
  3428 | D:4      | Found a runed translucent door.
  3453 | D:4      | Reached skill level 7 in Unarmed Combat
  3501 | D:4      | Found a runed translucent door.
  3505 | D:4      | Noticed Sonyasha's ghost (amateur HuCK)
  3882 | D:5      | Entered Level 5 of the Dungeon
  4230 | D:5      | Reached skill level 8 in Unarmed Combat
  4468 | D:5      | Reached XP level 8. HP: 52/67 MP: 7/7
  4772 | D:5      | Noticed Menkaure
  4778 | D:5      | Killed Menkaure
  4994 | D:5      | Reached skill level 9 in Unarmed Combat
  5378 | D:6      | Found a burning altar of Makhleb.
  5432 | D:6      | Noticed Duvessa
  5432 | D:6      | Noticed Dowan
  5454 | D:6      | Killed Duvessa
  5454 | D:6      | Reached skill level 5 in Fighting
  5454 | D:6      | Reached skill level 10 in Unarmed Combat
  5469 | D:6      | Killed Dowan
  5469 | D:6      | Reached XP level 9. HP: 42/74 MP: 8/8
  5657 | D:6      | Noticed Sigmund
  5673 | D:6      | Killed Sigmund
  5840 | D:6      | Got a masterwork ring mail
  5850 | D:6      | Identified the cursed +1 ring mail of the Storm King {Harm
                  | *Corrode rN++ MR+} (You found it on level 6 of the Dungeon)
  6379 | D:7      | Reached skill level 11 in Unarmed Combat
  6820 | D:7      | Reached skill level 1 in Stealth
  7367 | D:8      | Found a glowing golden altar of the Shining One.
  7378 | D:8      | Reached skill level 12 in Unarmed Combat
  7462 | D:8      | Found an opulent altar of Gozag.
  7465 | D:8      | Found a hazy altar of Hepliaklqana.
  7469 | D:8      | Found a broken altar of Ashenzari.
  7470 | D:8      | Found a shadowy altar of Dithmenos.
  7472 | D:8      | Found a stormy altar of Qazlal.
  7482 | D:8      | Became a worshipper of Gozag Ym Sagoz the Greedy
  7537 | D:8      | Found a sand-covered staircase.
  7603 | Ossuary  | Entered an ossuary
  7660 | Ossuary  | Reached XP level 10. HP: 83/83 MP: 9/9
  8080 | Ossuary  | Reached skill level 5 in Armour
  8470 | D:8      | Found a runed translucent door.
  8471 | D:8      | Noticed an orange crystal statue
  8475 | D:8      | Found the +10 tower shield of Ignorance {rN+ Int-4}
  8682 | D:8      | Found a runed translucent door.
  8740 | D:9      | Reached skill level 13 in Unarmed Combat
  8908 | D:9      | Found a staircase to the Lair.
  8956 | D:9      | Noticed Erica
  8966 | D:9      | Killed Erica
  9130 | D:9      | Found the +5 scythe "Finisher" {speed, eviscerate}
  9211 | D:9      | Reached skill level 14 in Unarmed Combat
  9451 | D:9      | Found a runed translucent door.
  9452 | D:9      | Identified the +10 spear of Uquomur {venom, SInv}
  9452 | D:9      | Noticed Giavanni's ghost (novice MiCK)
  9492 | D:9      | Found an ancient bone altar of Kikubaaqudgha.
  9506 | D:9      | Found a radiant altar of Vehumet.
  9944 | D:10     | Entered Level 10 of the Dungeon
  9962 | D:10     | Reached XP level 11. HP: 79/91 MP: 10/10
 10208 | D:10     | Found a sparkling altar of Nemelex Xobeh.
 10444 | D:10     | Noticed Psyche
 10447 | D:10     | Paralysed by Psyche for 6 turns
 10454 | D:10     | Killed Psyche
 11089 | D:11     | Noticed Fannar
 11123 | D:11     | Killed Fannar
 11319 | D:11     | Noticed a brown ugly thing
 11333 | D:11     | Killed a brown ugly thing
 11333 | D:11     | Reached skill level 15 in Unarmed Combat
 11497 | D:11     | Found a runed translucent gate.
 11497 | D:11     | Found a runed translucent gate.
 11497 | D:11     | Found a runed translucent gate.
 11498 | D:11     | Noticed Xolotl's ghost (journeyman MiSu)
 11524 | D:11     | Found a staircase to the Orcish Mines.
 11525 | D:11     | Noticed a cyclops
 11535 | D:11     | Killed a cyclops
 12294 | Lair:1   | Entered Level 1 of the Lair of Beasts
 12339 | Lair:1   | Found a shadowy altar of Dithmenos.
 13551 | Lair:2   | Found a frozen archway.
 13564 | Lair:2   | Noticed an oklob plant
 13566 | IceCv    | Entered an ice cave
 13566 | IceCv    | Noticed a white ugly thing
 13603 | IceCv    | Killed a white ugly thing
 13829 | IceCv    | Found a transporter.
 13853 | IceCv    | Noticed a white ugly thing
 13854 | IceCv    | Found a transporter.
 13890 | IceCv    | Reached XP level 12. HP: 72/100 MP: 11/11
 13926 | Lair:2   | Found an opulent altar of Gozag.
 14171 | Lair:2   | Reached skill level 16 in Unarmed Combat
 14583 | Lair:2   | Noticed a seven-headed hydra
 14591 | Lair:2   | Killed a seven-headed hydra
 15675 | Lair:3   | Got a jacinth-encrusted scale mail
 15685 | Lair:3   | Identified the +3 scale mail of Disaster {Str+5} (You found
                  | it on level 3 of the Lair of Beasts)
 16433 | Lair:4   | Reached skill level 17 in Unarmed Combat
 16443 | Lair:4   | Noticed a boulder beetle
 16482 | Lair:4   | Killed a boulder beetle
 16863 | Lair:4   | Noticed a seven-headed hydra
 16877 | Lair:4   | Killed a five-headed hydra
 16880 | Lair:4   | Reached XP level 13. HP: 50/110 MP: 9/12
 17129 | Lair:4   | Reached skill level 1 in Evocations
 17380 | Lair:4   | Found a staircase to the Swamp.
 17775 | Lair:4   | Found a staircase to the Shoals.
 18004 | D:9      | Bought 2 scrolls of identify for 128 gold pieces
 18004 | D:9      | Bought an ivory ring for 160 gold pieces
 18190 | Lair:5   | Reached skill level 18 in Unarmed Combat
 18256 | Lair:5   | Found a dark tunnel.
 18262 | Volcano  | Entered a volcano
 18667 | Lair:5   | Reached skill level 5 in Dodging
 19802 | Lair:6   | Entered Level 6 of the Lair of Beasts
 20167 | Lair:6   | Noticed Rupert
 20178 | Lair:6   | Paralysed by Rupert for 2 turns
 20935 | Lair:6   | Noticed Sonja
 20948 | Lair:5   | Reached skill level 10 in Fighting
 21503 | Orc:1    | Entered Level 1 of the Orcish Mines
 21915 | Orc:1    | Bought a potion of haste for 160 gold pieces
 21915 | Orc:1    | Bought a potion of heal wounds for 80 gold pieces
 21915 | Orc:1    | Bought a potion of heal wounds for 80 gold pieces
 21931 | Orc:2    | Entered Level 2 of the Orcish Mines
 21931 | Orc:2    | Found Reuforen's Armour Boutique.
 21947 | Orc:2    | Reached skill level 19 in Unarmed Combat
 22041 | Orc:2    | Bought a +0 kite shield of cold resistance for 161 gold
                  | pieces
 22053 | Orc:2    | Found Leriqo's Assorted Antiques.
 22084 | Orc:2    | Bought a scroll of teleportation for 84 gold pieces
 22099 | Orc:2    | Found Vonoq's Distillery.
 22108 | Orc:2    | Bought a potion of heal wounds for 80 gold pieces
 22108 | Orc:2    | Bought a potion of brilliance for 64 gold pieces
 22108 | Orc:2    | Bought a potion of curing for 48 gold pieces
 22169 | Orc:2    | Found a staircase to the Elven Halls.
 22174 | Orc:2    | Found Luqurynwe's Jewellery Shop.
 22271 | Orc:2    | Reached XP level 14. HP: 82/121 MP: 13/13
 22271 | Orc:2    | Paralysed by an orc sorcerer for 4 turns
 22576 | Orc:2    | Found Fobedgh's General Store.
 22589 | Orc:2    | Found Onkubioz's Gadget Boutique.
 22893 | Orc:2    | Bought a scroll of random uselessness for 13 gold pieces
 22893 | Orc:2    | Bought a scroll of identify for 26 gold pieces
 22982 | Orc:2    | Found Kioruin's Gadget Shoppe.
 22983 | Orc:2    | Noticed an orc warlord
 22984 | Orc:2    | Reached skill level 1 in Shields
 23005 | Orc:2    | Killed an orc warlord
 23318 | Orc:2    | Found a roughly hewn altar of Beogh.
 23348 | Orc:2    | Noticed an orc warlord
 23356 | Orc:2    | Found Vapi's Gadget Boutique.
 23356 | Orc:2    | Found Kekiydax's Book Shoppe.
 23370 | Orc:2    | Killed an orc warlord
 23473 | Orc:1    | HP: 6/122 [orc priest/divine providence (16)]
 23474 | Orc:1    | Killed from afar by an orc priest

Illustrated notes

Levels and vault maps discovered:
D:1:      dpeg_arrival_boxes_within_box, layout_loops_ring, minmay_pentomino_r2
D:2:      layout_loops_cross, uniq_jessica, uniq_robin
D:3:      layout_basic
D:4:      layout_gridville, temple_green, ebering_ghost_sewer_f
D:5:      cheibrodos_barr_body, layout_loops_ring, uniq_menkaure
D:6:      layout_gridville, makhleb_blood_cavern_becter, uniq_duvessa,
          uniq_sigmund
D:7:      layout_loops_cross, roderic_st_hans_cross
D:8:      layout_rooms, minitemple, nicolae_ossuary_entry_plus,
          chequers_guarded_unrand_ignorance
D:9:      layout_stronghold, grunt_temple_overflow_open,
          due_lair_maze_entry_diamond, ebering_ghost_funeral_grove,
          minmay_guarded_unrand_finisher, uniq_erica
D:10:     layout_loops_ring, minmay_misc_feat_enclosed,
          nemelex_diamond_rough_becter, uniq_psyche
D:11:     layout_stronghold, orc_0_dummy, ebering_ghost_rock_garden,
          corexii_checkpoint_a, uniq_fannar
Temple:   nicolae_temple_figure_eight
Lair:1:   layout_big_grid, basic_altar, wad_woods_river_01, lemuel_fruit_tree
Lair:2:   beast_lair_carwin_large_3, layout_long_grid,
          portal_ice_cave_entry_pillars_2, serial_bayou_pond_a,
          chequers_serial_rivers_room_a, lemuel_oklob_altar
Lair:3:   layout_hall_layers, beast_lair_carwin_11, minmay_lair_oklob_chamber
Lair:4:   layout_long_grid, nicolae_swamp_entry_splash_gauntlet,
          minmay_shoals_entry_hut, cheibrodos_lair_lostbears
Lair:5:   layout_concentric_octagons, nicolae_volcano_entry_s_turn,
          kennysheep_basilisk_garden
Lair:6:   guppyfry_lair_end_dragon, layout_hall_layers,
          minmay_slime_entry_pillars, hellmonk_ghost_happy_afterlife,
          uniq_sonja, uniq_rupert
Orc:1:    layout_caves, nicolae_orc_rockfall
Orc:2:    st_orc_town, layout_diamond_mine, serial_shops, shop, shop, shop,
          shop, shop, biasface_ghost_orc_armoury, nicolae_orc_lava_room

Skill      XL: |  1  2  3  4  5  6  7  8  9 10 11 12 13 14 |
---------------+-------------------------------------------+-----
Dodging        | 3 4 5 |  5.3
Unarmed Combat | 4 5 6 8 10 12 14 15 17 19 | 19.8
Throwing       | 2 |  2.0
Fighting       | 3 4 5 6 7 8 10 | 10.6
Armour         | 1 3 4 5 7 8 9 |  9.0
Stealth        | 1 2 3 |  3.0
Evocations     | 1 |  1.5
Shields        | 1 |  1.5
Long Blades    | |  0.8

Action                   |  1- 3 |  4- 6 |  7- 9 | 10-12 | 13-15 || total
-------------------------+-------+-------+-------+-------+-------++-------
Melee: Unarmed           |    85 |   221 |   476 |   765 |   598 ||  2145
       Punch             |       |     3 |    21 |    55 |    27 ||   106
       Scimitar          |       |       |       |     6 |       ||     6
Invok: Potion Petition   |       |       |       |     2 |     2 ||     4
       Call Merchant     |       |       |       |       |     2 ||     2
Evoke: Wand              |       |       |       |     9 |    11 ||    20
  Use: Scroll            |       |     2 |     8 |     9 |    16 ||    35
       Potion            |       |       |       |     7 |     6 ||    13
 Stab: Distracted        |       |       |       |     5 |     1 ||     6
       Invisible         |       |       |       |     3 |       ||     3
Armor: Leather armour    |    18 |       |       |       |       ||    18
       Chain mail        |    15 |   142 |   213 |   414 |       ||   784
       Ring mail         |       |       |     4 |       |       ||     4
       Scale mail        |       |       |       |    34 |   157 ||   191
Dodge: Dodged            |    42 |    94 |   194 |   371 |   166 ||   867
Block: Other             |       |       |       |       |    43 ||    43
       Kite shield       |       |       |       |       |   103 ||   103
       Reflection        |       |       |       |       |     8 ||     8
       Rpst.: Scimitar   |       |       |       |     1 |       ||     1

Table legend: (Time is in decaauts)
 A = Elapsed time spent in this place.
 B = Non-inter-level travel time spent in this place.
 C = Inter-level travel time spent in this place.
 D = Time resting spent in this place.
 E = Time spent auto-exploring this place.
 F = Levels seen in this place.
 G = Mean time per level.
                   A        B        C        D        E       F      G
               +--------+--------+--------+--------+--------+-----+--------+
         Total |  22964 |  22010 |    954 |   2531 |  15714 |  23 |  998.4 |
       Dungeon |  11327 |  10935 |    392 |    659 |   8569 |  11 | 1029.7 |
        Temple |    202 |    190 |     12 |      0 |    190 |   1 |  202.0 |
          Lair |   8402 |   7870 |    532 |   1659 |   5093 |   6 | 1400.3 |
  Orcish Mines |   1871 |   1855 |     16 |      0 |   1299 |   2 |  935.5 |
       Ossuary |    676 |    676 |      0 |      0 |    470 |   1 |  676.0 |
      Ice Cave |    339 |    339 |      0 |    213 |      0 |   1 |  339.0 |
       Volcano |    144 |    144 |      0 |      0 |     93 |   1 |  144.0 |
               +--------+--------+--------+--------+--------+-----+--------+

Top non-repeatable levels by time:
  Lair:5: 2619 daAuts
  Lair:4: 1514 daAuts
  Lair:3: 1502 daAuts
   Orc:2: 1447 daAuts
     D:9: 1324 daAuts
     D:5: 1264 daAuts
  Lair:1: 1236 daAuts
    D:11: 1221 daAuts
     D:6: 1137 daAuts
     D:4: 1120 daAuts
  Lair:2: 1100 daAuts
    D:10: 1088 daAuts
     D:3: 1012 daAuts
     D:7: 1007 daAuts
     D:1: 910 daAuts
